[Event "EYCC Open U10 2021"]
[Site "Tornelo"]
[Date "2021.10.15"]
[Round "8.5"]
[White "Cankurt, Arda"]
[Black "Golis, Wiktor"]
[Result "1-0"]
[ECO "E14"]
[WhiteElo "1356"]
[BlackElo "1684"]
[Annotator "NA"]
[PlyCount "53"]
[EventDate "2021.10.15"]
[EventType "swiss"]
[EventCountry "NET"]
[SourceTitle "playchess.com"]
[Source "ChessBase"]
[SourceQuality "1"]
[TimeControl "5400+30"]

1. d4 Nf6 2. Nf3 e6 3. e3 b6 4. Bd3 Bb7 5. O-O Be7 6. c4 O-O 7. Nc3 d5 8. Ne5 Nbd7 9. f4 dxc4 10. Bxc4 c5 11. Qd3 Rc8 12. Rd1 cxd4 13. exd4 Qc7 14. Bb3 Rfd8 15. Qh3 Nxe5 16. fxe5 Nd5 17. Ne4 Nb4 18. Ng5 Bxg5 19. Bxg5 Re8 20. Qg4 Kh8 21. a3 Nd5 22. Rd3 h6 23. Rh3 g6 24. Rxh6+ Kg7 25. Bxd5 Bxd5 26. Bf6+ Kxh6 27. Qh3# 1-0

[Event "EYCC Open U10 2021"]
[Site "Tornelo"]
[Date "2021.10.15"]
[Round "8.6"]
[White "Karimli, Yusif"]
[Black "Feher, Botond"]
[Result "1-0"]
[ECO "A48"]
[WhiteElo "1571"]
[BlackElo "1644"]
[Annotator "NA"]
[PlyCount "87"]
[EventDate "2021.10.15"]
[EventType "swiss"]
[EventCountry "NET"]
[SourceTitle "playchess.com"]
[Source "ChessBase"]
[SourceQuality "1"]
[TimeControl "5400+30"]

1. d4 Nf6 2. Bf4 g6 3. e3 Bg7 4. Nf3 O-O 5. h3 c5 6. c3 d6 7. Nbd2 Nc6 8. Be2 Bf5 9. O-O Qd7 10. a4 cxd4 11. exd4 Nd5 12. Bg3 Na5 13. Nc4 Nxc4 14. Bxc4 Nb6 15. Bb3 Rac8 16. a5 Nc4 17. Qe2 d5 18. Bxc4 dxc4 19. Rfe1 Qb5 20. Ne5 h5 21. Bh4 Bxe5 22. Qxe5 Qxb2 23. d5 Rcd8 24. Bxe7 Rfe8 25. d6 Rd7 26. Rad1 b6 27. Re3 b5 28. Qf4 Qc2 29. Rde1 Be6 30. Rf3 Rexe7 31. dxe7 Rxe7 32. Qf6 Rb7 33. Rg3 Kh7 34. a6 Rc7 35. Rf3 Qd2 36. Ree3 Qd1+ 37. Kh2 Qd6+ 38. g3 Qxa6 39. Re1 Qb6 40. Rfe3 Qb7 41. Re4 a5 42. Rd4 b4 43. Rd8 Rc8 44. Qh8# 1-0

[Event "EYCC Open U10 2021"]
[Site "Tornelo"]
[Date "2021.10.15"]
[Round "8.7"]
[White "Karpenko, Anton"]
[Black "Gabadadze, Gabriel"]
[Result "1/2-1/2"]
[ECO "E05"]
[WhiteElo "1634"]
[BlackElo "1407"]
[Annotator "NA"]
[PlyCount "129"]
[EventDate "2021.10.15"]
[EventType "swiss"]
[EventCountry "NET"]
[SourceTitle "playchess.com"]
[Source "ChessBase"]
[SourceQuality "1"]
[TimeControl "5400+30"]

1. d4 Nf6 2. c4 e6 3. g3 d5 4. Nf3 dxc4 5. Bg2 c5 6. O-O Be7 7. dxc5 O-O 8. Nbd2 Bxc5 9. Nxc4 Nc6 10. Qxd8 Rxd8 11. Be3 Bxe3 12. Nxe3 Bd7 13. Rfd1 Be8 14. Rac1 Rac8 15. a3 Kf8 16. Nc4 Ke7 17. Kf1 h6 18. Ke1 Rxd1+ 19. Rxd1 Ne4 20. Nfe5 Nxe5 21. Nxe5 Nd6 22. Kd2 f6 23. Nd3 Bc6 24. Bxc6 Rxc6 25. b3 Nb5 26. a4 Nd4 27. Rb1 Rc2+ 28. Ke3 e5 29. Nc1 Kd6 30. g4 Rc3+ 31. Kd2 Rh3 32. Nd3 Rxh2 33. Ke3 Rg2 34. b4 Rxg4 35. Rc1 Rh4 36. Rc8 Rh3+ 37. Kd2 h5 38. e3 Nf3+ 39. Ke2 e4 40. Nc5 f5 41. Nxb7+ Kd7 42. Rc1 g5 43. Nc5+ Ke7 44. b5 g4 45. a5 g3 46. b6 axb6 47. a6 Rh2 48. Nd3 exd3+ 49. Kxf3 Rxf2+ 50. Kxg3 Ra2 51. Kf4 Rxa6 52. Rd1 Kf6 53. Rxd3 Ra4+ 54. Kf3 b5 55. Rd6+ Kg5 56. Rd5 Rb4 57. e4 Rxe4 58. Rxb5 Ra4 59. Rb8 Ra3+ 60. Kg2 h4 61. Rg8+ Kf4 62. Rf8 Rg3+ 63. Kf2 h3 64. Rxf5+ Kxf5 65. Kxg3 1/2-1/2

[Event "EYCC Open U10 2021"]
[Site "Tornelo"]
[Date "2021.10.15"]
[Round "8.8"]
[White "Demchenko, Maksim Dm"]
[Black "Kocharyan, Vache"]
[Result "1-0"]
[ECO "B65"]
[WhiteElo "1615"]
[BlackElo "1367"]
[Annotator "NA"]
[PlyCount "129"]
[EventDate "2021.10.15"]
[EventType "swiss"]
[EventCountry "NET"]
[SourceTitle "playchess.com"]
[Source "ChessBase"]
[SourceQuality "1"]
[TimeControl "5400+30"]

1. e4 c5 2. Nf3 Nc6 3. d4 cxd4 4. Nxd4 Nf6 5. Nc3 d6 6. Bg5 e6 7. Qd2 Be7 8. O-O-O O-O 9. f4 h6 10. Bh4 Nxd4 11. Qxd4 Qa5 12. Bc4 e5 13. fxe5 dxe5 14. Qd3 Bg4 15. Rdf1 Rac8 16. Bb3 Rxc3 17. Qxc3 Qxc3 18. bxc3 Ba3+ 19. Kb1 Nxe4 20. Ka1 Nd2 21. Re1 Nxb3+ 22. axb3 f6 23. Ka2 Bc5 24. Kb2 g5 25. Bg3 Rd8 26. h3 Bh5 27. Rhf1 Kg7 28. Bf2 Bxf2 29. Rxf2 Be8 30. c4 Bc6 31. Ref1 Rd6 32. c5 Re6 33. Rd2 Kf7 34. g4 Ke7 35. Rd6 Bg2 36. Rfd1 Rxd6 37. cxd6+ Kd7 38. Rg1 Bxh3 39. Rg3 Bf1 40. Rf3 Be2 41. Rxf6 Bxg4 42. Rxh6 Bf3 43. c4 g4 44. Kc3 g3 45. Rg6 g2 46. c5 Bc6 47. Kd2 a6 48. b4 Bd5 49. Ke3 Bc6 50. Kf2 e4 51. Ke3 Kc8 52. Rxg2 Kd7 53. Rg7+ Kc8 54. Rc7+ Kd8 55. Rxc6 bxc6 56. Kxe4 Ke8 57. Ke5 Kd7 58. Kf6 Kd8 59. Ke6 Ke8 60. d7+ Kd8 61. Kd6 a5 62. Kxc6 axb4 63. Kd6 b3 64. c6 b2 65. c7# 1-0

[Event "EYCC Open U10 2021"]
[Site "Tornelo"]
[Date "2021.10.15"]
[Round "8.9"]
[White "Ochedzan, Filip"]
[Black "Daniel, Raja.N"]
[Result "1-0"]
[ECO "B38"]
[WhiteElo "1696"]
[BlackElo "1713"]
[Annotator "NA"]
[PlyCount "61"]
[EventDate "2021.10.15"]
[EventType "swiss"]
[EventCountry "NET"]
[SourceTitle "playchess.com"]
[Source "ChessBase"]
[SourceQuality "1"]
[TimeControl "5400+30"]

1. e4 c5 2. Nf3 Nc6 3. d4 cxd4 4. Nxd4 g6 5. c4 Bg7 6. Be3 Nf6 7. Nc3 O-O 8. Be2 d6 9. O-O Bd7 10. Nc2 Ne5 11. f4 Neg4 12. Bd4 e5 13. fxe5 dxe5 14. Bc5 Qc8 15. Bxf8 Bxf8 16. Bxg4 Bc5+ 17. Kh1 Nxg4 18. Qf3 Qd8 19. Nd5 f5 20. Nce3 Nxe3 21. Nxe3 Bxe3 22. Qxe3 f4 23. Qc5 Qg5 24. Qd5+ Kh8 25. Qxd7 Rd8 26. Qh3 Rd2 27. Rad1 Rxb2 28. Qc8+ Kg7 29. Rd7+ Kf6 30. Qf8+ Ke6 31. Qf7# 1-0

[Event "EYCC Open U10 2021"]
[Site "Tornelo"]
[Date "2021.10.15"]
[Round "8.11"]
[White "Bara, Jan"]
[Black "Diachek, Andriy"]
[Result "0-1"]
[ECO "E32"]
[WhiteElo "1413"]
[BlackElo "1689"]
[Annotator "NA"]
[PlyCount "64"]
[EventDate "2021.10.15"]
[EventType "swiss"]
[EventCountry "NET"]
[SourceTitle "playchess.com"]
[Source "ChessBase"]
[SourceQuality "1"]
[TimeControl "5400+30"]

1. d4 Nf6 2. c4 e6 3. Nc3 Bb4 4. Qc2 d6 5. Nf3 O-O 6. Bg5 h6 7. Bh4 Nbd7 8. e4 e5 9. d5 a5 10. Bd3 Nc5 11. O-O Bxc3 12. Qxc3 g5 13. Bg3 Nfxe4 14. Bxe4 Nxe4 15. Qe3 f5 16. h4 Qf6 17. hxg5 hxg5 18. Bh2 Rf7 19. Nd2 Nxd2 20. Qxd2 Rh7 21. g3 f4 22. f3 Bf5 23. g4 Bg6 24. b4 Kg7 25. bxa5 Rah8 26. Rf2 e4 27. Qc1 e3 28. Rb2 Qd4 29. Kh1 Rh3 30. a4 Be4 31. fxe4 Qxe4+ 32. Rg2 Rxh2+ 0-1

[Event "EYCC Open U10 2021"]
[Site "Tornelo"]
[Date "2021.10.15"]
[Round "8.12"]
[White "Dumbelovic, Novak"]
[Black "Gulenko, Zakhar"]
[Result "0-1"]
[ECO "B12"]
[WhiteElo "1688"]
[BlackElo "1524"]
[Annotator "NA"]
[PlyCount "107"]
[EventDate "2021.10.15"]
[EventType "swiss"]
[EventCountry "NET"]
[SourceTitle "playchess.com"]
[Source "ChessBase"]
[SourceQuality "1"]
[TimeControl "5400+30"]

1. e4 c6 2. d4 d5 3. e5 Bf5 4. h4 h5 5. Bd3 Bxd3 6. Qxd3 e6 7. Bg5 Be7 8. Nf3 Nh6 9. Nbd2 Nf5 10. c4 Bxg5 11. hxg5 g6 12. O-O-O Nd7 13. Kb1 a5 14. g4 Ng7 15. Nf1 Qe7 16. Ng3 O-O-O 17. gxh5 gxh5 18. c5 Kc7 19. Rh4 Nf8 20. Rdh1 Ng6 21. R4h2 h4 22. Nxh4 Nxh4 23. Rxh4 Rxh4 24. Rxh4 Qxg5 25. Rh1 Rg8 26. Qh7 Rf8 27. Qh6 Qg4 28. Qh4 Qxh4 29. Rxh4 Kd7 30. Rh7 Rg8 31. Kc2 Ke7 32. Kb3 Nf5 33. Nxf5+ exf5 34. Rh5 Rg4 35. Kc3 Rf4 36. Rh2 Kf8 37. Rg2 Rh4 38. Rg3 Ke7 39. Rf3 Ke6 40. Rd3 f4 41. f3 Kf5 42. Kb3 Rh2 43. Ka4 Rxb2 44. Ra3 Kg5 45. Kxa5 Rb5+ 46. Ka4 Kh4 47. Rb3 Rxb3 48. axb3 Kg3 49. Ka5 Kxf3 50. Kb6 Ke4 51. Kxb7 f3 52. Kxc6 f2 53. b4 f1=Q 54. b5 0-1

[Event "EYCC Open U10 2021"]
[Site "Tornelo"]
[Date "2021.10.15"]
[Round "9.1"]
[White "Negrean, Andrei"]
[Black "Cankurt, Arda"]
[Result "0-1"]
[ECO "B40"]
[WhiteElo "1847"]
[BlackElo "1356"]
[Annotator "NA"]
[PlyCount "134"]
[EventDate "2021.10.15"]
[EventType "swiss"]
[EventCountry "NET"]
[SourceTitle "playchess.com"]
[Source "ChessBase"]
[SourceQuality "1"]
[TimeControl "5400+30"]

1. e4 c5 2. Nf3 e6 3. c4 Nc6 4. Nc3 g5 5. h3 Bg7 6. d3 h6 7. Be3 Nd4 8. Bxd4 cxd4 9. Nb5 Qb6 10. e5 a6 11. Qa4 Ne7 12. Nd6+ Kf8 13. Qa3 Kg8 14. O-O-O Nc6 15. Re1 f6 16. exf6 Bxf6 17. Nd2 Qc7 18. N2e4 Be7 19. Kb1 b6 20. h4 Bb7 21. hxg5 Ne5 22. Nb5 Qd8 23. Nbd6 Bxe4 24. Rxe4 Qf8 25. c5 bxc5 26. Rxe5 Bxd6 27. Re2 hxg5 28. Rxh8+ Kxh8 29. Qa4 Qf5 30. Rc2 Qh7 31. Rc1 Rb8 32. Qxa6 Bf4 33. Rxc5 Qh1 34. Rc8+ Kg7 35. Rxb8 Qxf1+ 36. Kc2 Qc1+ 37. Kb3 Bxb8 38. Qb5 Qd1+ 39. Kc4 Qc2+ 40. Kxd4 Qxf2+ 41. Kc3 Qf6+ 42. d4 Qd8 43. a4 Qc7+ 44. Kb3 Kf6 45. a5 Ba7 46. Qb4 d6 47. Ka2 Qc6 48. Ka3 Ke7 49. Qd2 Qd5 50. Qc3 Kd7 51. Qb4 Bxd4 52. Qa4+ Kc7 53. a6 Ba7 54. b4 Qd3+ 55. Ka2 Qe2+ 56. Ka3 Qe3+ 57. Ka2 Qf2+ 58. Kb3 Qg3+ 59. Ka2 Qxg2+ 60. Kb3 Qd5+ 61. Ka3 Qd3+ 62. Ka2 Qc4+ 63. Ka3 Qc3+ 64. Ka2 Bd4 65. Qa5+ Kc8 66. Qa3 Qc2+ 67. Qb2 Qxb2# 0-1

[Event "EYCC Open U10 2021"]
[Site "Tornelo"]
[Date "2021.10.15"]
[Round "9.2"]
[White "Besou, Hussain"]
[Black "Temirbekov, Taimaz"]
[Result "1/2-1/2"]
[ECO "E21"]
[WhiteElo "1995"]
[BlackElo "1573"]
[Annotator "ChessBase"]
[PlyCount "147"]
[EventDate "2021.10.15"]
[EventType "swiss"]
[EventCountry "NET"]
[SourceTitle "playchess.com"]
[Source "ChessBase"]
[SourceQuality "1"]
[TimeControl "5400+30"]

1. d4 Nf6 2. c4 e6 3. Nc3 Bb4 4. Qc2 b6 5. a3 Bxc3+ 6. Qxc3 Ne4 7. Qc2 Bb7 8. Nf3 d6 9. g3 Nd7 10. Bg2 Qc8 11. O-O O-O 12. Ne1 f5 13. f3 Nef6 14. e4 fxe4 15. fxe4 e5 16. d5 Qe8 17. b4 a5 18. Rb1 axb4 19. axb4 Bc8 20. Nd3 Qg6 21. Nf2 Ng4 22. Nh1 Rxf1+ 23. Bxf1 Ndf6 24. Bg2 Bd7 25. h3 Nh6 26. c5 Nf7 27. cxb6 cxb6 28. Qc4 Ng5 29. Bxg5 Qxg5 30. Qe2 Ra3 31. Qf2 Qe3 32. Qxe3 Rxe3 33. Kf2 Rc3 34. Rb2 h5 35. Ke2 Bb5+ 36. Kd2 Rd3+ 37. Kc2 Ra3 38. Kd2 Rd3+ 39. Kc2 Re3 40. Kd2 Re2+ 41. Kc1 Re1+ 42. Kd2 Rg1 43. Ke3 Bc4 44. Kf3 Bf1 45. Bxf1 Rxf1+ 46. Nf2 Rc1 47. Rb3 b5 48. g4 h4 49. g5 Rg1 50. Ke2 Rxg5 51. Rc3 Rg2 52. Rc8+ Kh7 53. Kf1 Rg3 54. Rb8 Re3 55. Rxb5 Nxe4 56. Nxe4 Rxe4 57. Rb6 Rf4+ 58. Ke2 Rf6 59. Rc6 Rf4 60. b5 Rb4 61. b6 Kg6 62. Rxd6+ Kf5 63. Rc6 Rb3 64. Kf2 e4 65. d6 Ke6 66. Rc4 Kxd6 67. Rxe4 Rxb6 68. Rxh4 Ke7 69. Rg4 Kf6 70. Kg2 Kf5 71. Rxg7 Rg6+ 72. Rxg6 Kxg6 73. Kg3 Kh5 74. h4 1/2-1/2

[Event "EYCC Open U10 2021"]
[Site "Tornelo"]
[Date "2021.10.15"]
[Round "9.3"]
[White "Oikonomopoulos, Filippos"]
[Black "Radzimski, Antoni"]
[Result "0-1"]
[ECO "D31"]
[WhiteElo "1650"]
[BlackElo "1584"]
[Annotator "NA"]
[PlyCount "72"]
[EventDate "2021.10.15"]
[EventType "swiss"]
[EventCountry "NET"]
[SourceTitle "playchess.com"]
[Source "ChessBase"]
[SourceQuality "1"]
[TimeControl "5400+30"]

1. d4 d5 2. c4 e6 3. Nc3 c6 4. e4 dxe4 5. Nxe4 Bb4+ 6. Bd2 Qxd4 7. Bxb4 Qxe4+ 8. Be2 Na6 9. Ba5 Bd7 10. Bc3 Ne7 11. Nf3 f6 12. O-O Rd8 13. Bd3 Qg4 14. Qc2 Qh5 15. b4 O-O 16. Rab1 e5 17. b5 Nc7 18. b6 axb6 19. Rxb6 Bg4 20. Be2 Ne6 21. h3 Bf5 22. Qb2 Nf4 23. Re1 Bxh3 24. Nh2 Qg6 25. g3 Nf5 26. Bf1 Bxf1 27. Rxf1 Rd3 28. Kh1 Nxg3+ 29. fxg3 Qe4+ 30. Nf3 Rxf3 31. Rxf3 Qxf3+ 32. Kh2 Ne2 33. Be1 Qf1 34. Qd2 Qg1+ 35. Kh3 Qh1+ 36. Kg4 f5+ 0-1

[Event "EYCC Open U10 2021"]
[Site "Tornelo"]
[Date "2021.10.15"]
[Round "9.4"]
[White "Demchenko, Maksim Dm"]
[Black "Karimli, Yusif"]
[Result "0-1"]
[ECO "C10"]
[WhiteElo "1615"]
[BlackElo "1571"]
[Annotator "NA"]
[PlyCount "84"]
[EventDate "2021.10.15"]
[EventType "swiss"]
[EventCountry "NET"]
[SourceTitle "playchess.com"]
[Source "ChessBase"]
[SourceQuality "1"]
[TimeControl "5400+30"]

1. e4 e6 2. d4 d5 3. Nd2 dxe4 4. Nxe4 Bd7 5. Nf3 Bc6 6. Bd3 Nd7 7. O-O Ngf6 8. Ned2 Be7 9. Re1 Bxf3 10. Nxf3 O-O 11. Ne5 c5 12. Nxd7 Nxd7 13. Be4 Qc7 14. d5 exd5 15. Bxd5 Nf6 16. Bf3 Rad8 17. Qe2 Rfe8 18. g3 Bf8 19. Be3 c4 20. Rad1 b5 21. Rxd8 Qxd8 22. Bc6 Re5 23. Rd1 Qc8 24. Qf3 a6 25. Bf4 Re6 26. Bb7 Qe8 27. Kg2 h6 28. c3 Bc5 29. Bc7 Qe7 30. Bd8 Qe8 31. Rd2 Nd7 32. Bc6 Qxd8 33. Rxd7 Qf8 34. Bd5 Rf6 35. Qg4 Rxf2+ 36. Kh3 Qc8 37. Be6 Qc6 38. Bd5 Qc8 39. Be6 Rf6 40. Bd5 h5 41. Bxf7+ Rxf7 42. Qe6 Qxd7 0-1

[Event "EYCC Open U10 2021"]
[Site "Tornelo"]
[Date "2021.10.15"]
[Round "9.5"]
[White "Diachek, Andriy"]
[Black "Kengurov, Yaroslav"]
[Result "1-0"]
[ECO "B51"]
[WhiteElo "1689"]
[BlackElo "1484"]
[Annotator "NA"]
[PlyCount "105"]
[EventDate "2021.10.15"]
[EventType "swiss"]
[EventCountry "NET"]
[SourceTitle "playchess.com"]
[Source "ChessBase"]
[SourceQuality "1"]
[TimeControl "5400+30"]

1. e4 c5 2. Nf3 Nc6 3. Bb5 d6 4. O-O Bd7 5. c3 Nf6 6. Re1 a6 7. Ba4 g6 8. d4 cxd4 9. cxd4 e6 10. Bg5 h6 11. Bh4 Be7 12. d5 Na5 13. dxe6 fxe6 14. Bc2 e5 15. Nc3 g5 16. Bg3 Qb6 17. Nd5 Nxd5 18. exd5 O-O-O 19. Qd2 g4 20. Qc3+ Qc7 21. Qxc7+ Kxc7 22. Nd2 b5 23. b4 Nc4 24. Nxc4 bxc4 25. Re4 Kb6 26. Rxc4 Rc8 27. Rxc8 Rxc8 28. Bd3 Rc3 29. Be2 Rc2 30. Bd1 Rd2 31. Bb3 Bf5 32. f3 gxf3 33. gxf3 Rd3 34. f4 exf4 35. Bxf4 Bf6 36. Re1 Bd4+ 37. Kg2 Bc3 38. Re8 Bxb4 39. Bxh6 Bc5 40. h4 Bh3+ 41. Kh2 Bd7 42. Re4 Bc8 43. Bg5 Bb7 44. Bd8+ Ka7 45. h5 Bxd5 46. Bxd5 Rxd5 47. h6 Rh5+ 48. Rh4 Rxh4+ 49. Bxh4 Bd4 50. Kg3 Be3 51. h7 Bd4 52. Kf4 Bb2 53. Kf5 1-0

[Event "EYCC Open U10 2021"]
[Site "Tornelo"]
[Date "2021.10.15"]
[Round "9.6"]
[White "Gulenko, Zakhar"]
[Black "Petukhov, Dmitriy"]
[Result "1/2-1/2"]
[ECO "B22"]
[WhiteElo "1524"]
[BlackElo "1769"]
[Annotator "NA"]
[PlyCount "121"]
[EventDate "2021.10.15"]
[EventType "swiss"]
[EventCountry "NET"]
[SourceTitle "playchess.com"]
[Source "ChessBase"]
[SourceQuality "1"]
[TimeControl "5400+30"]

1. e4 c5 2. c3 e6 3. d4 cxd4 4. cxd4 d5 5. exd5 Qxd5 6. Nf3 Nc6 7. Be2 Nf6 8. O-O Qd8 9. Nc3 Be7 10. Be3 O-O 11. a3 a6 12. b4 b5 13. Qb3 Bb7 14. Rac1 Rc8 15. Rfd1 Nb8 16. Ne5 Nd5 17. Bf3 Rxc3 18. Rxc3 Nxc3 19. Qxc3 Bxf3 20. Nxf3 Nd7 21. h3 Nb6 22. Qc6 Qd6 23. Rc1 Nc4 24. Qxd6 Bxd6 25. Rc3 Rc8 26. Nd2 Nb6 27. Rxc8+ Nxc8 28. Ne4 Kf8 29. Kf1 Ke7 30. Nc5 Bxc5 31. dxc5 Kd7 32. Ke2 Ne7 33. Kd3 Kc6 34. Kd4 Nd5 35. g4 Ne7 36. f4 f6 37. Bd2 h6 38. Ke4 g5 39. fxg5 hxg5 40. Be1 Nd5 41. h4 gxh4 42. Bxh4 a5 43. Be1 axb4 44. axb4 Ne7 45. Bd2 Kd7 46. Kf3 e5 47. Ke4 Ke6 48. Bh6 Nc6 49. Bd2 Nd4 50. Bc3 Nc6 51. Bd2 Nd8 52. Bh6 Nf7 53. Be3 Nd8 54. Bd2 Nc6 55. Bc3 Ne7 56. Be1 Nc8 57. Bd2 Na7 58. Be1 Nc6 59. Bc3 Ne7 60. Be1 Nc6 61. Bc3 1/2-1/2

[Event "EYCC Open U10 2021"]
[Site "Tornelo"]
[Date "2021.10.15"]
[Round "9.7"]
[White "Ivanov, Andrey A."]
[Black "Kozlov, Kirill Dm."]
[Result "1/2-1/2"]
[ECO "B47"]
[WhiteElo "2180"]
[BlackElo "1228"]
[Annotator "ChessBase"]
[PlyCount "116"]
[EventDate "2021.10.15"]
[EventType "swiss"]
[EventCountry "NET"]
[SourceTitle "playchess.com"]
[Source "ChessBase"]
[SourceQuality "1"]
[TimeControl "5400+30"]

1. e4 c5 2. Nf3 e6 3. d4 cxd4 4. Nxd4 a6 5. Nc3 Qc7 6. Be2 Nf6 7. O-O Be7 8. Bg5 Nc6 9. Kh1 h6 10. Bh4 Nxe4 11. Nxe4 Bxh4 12. Nxc6 dxc6 13. Nd6+ Ke7 14. Qd4 Bf6 15. Nxc8+ Raxc8 16. Qc5+ Qd6 17. Qb6 Qc7 18. Qc5+ Qd6 19. Qb6 Qb8 20. f4 Rhd8 21. Qc5+ Ke8 22. Bc4 b5 23. Bb3 a5 24. a3 g6 25. Qe3 Ke7 26. Rae1 Qd6 27. f5 gxf5 28. Rxf5 Qd4 29. Qf3 Rg8 30. Rf4 Qxb2 31. Rf1 Rg6 32. Qe3 Qc3 33. Qa7+ Ke8 34. Qf2 Ke7 35. Qa7+ Ke8 36. R4f3 Qd2 37. R3f2 Qc3 38. Qb6 Bd4 39. Qb7 Bxf2 40. Qxc8+ Ke7 41. Rd1 Bd4 42. Qc7+ Ke8 43. Qc8+ Ke7 44. Qc7+ Ke8 45. Qd6 c5 46. Qc6+ Kf8 47. Qxb5 Kg7 48. Qc6 Qe3 49. Bc4 Qxa3 50. Bd3 Rf6 51. Qe4 Rg6 52. Qe2 Rf6 53. Qg4+ Kf8 54. Qg3 Qb4 55. Qd6+ Kg7 56. Qg3+ Kf8 57. Qd6+ Kg7 58. Qg3+ Kf8 1/2-1/2

[Event "EYCC Open U10 2021"]
[Site "Tornelo"]
[Date "2021.10.15"]
[Round "9.8"]
[White "Gabadadze, Gabriel"]
[Black "Ochedzan, Filip"]
[Result "0-1"]
[ECO "B95"]
[WhiteElo "1407"]
[BlackElo "1696"]
[Annotator "NA"]
[PlyCount "96"]
[EventDate "2021.10.15"]
[EventType "swiss"]
[EventCountry "NET"]
[SourceTitle "playchess.com"]
[Source "ChessBase"]
[SourceQuality "1"]
[TimeControl "5400+30"]

1. e4 c5 2. Nf3 d6 3. d4 cxd4 4. Nxd4 Nf6 5. Nc3 a6 6. Bg5 e6 7. Qf3 h6 8. Be3 e5 9. Nb3 Be7 10. h3 O-O 11. O-O-O b5 12. a3 Be6 13. Nc5 Qc7 14. Nxe6 fxe6 15. Qg3 Kh7 16. Be2 Nc6 17. Bg4 Nd8 18. f4 Rc8 19. fxe5 Nxe4 20. exd6 Bxd6 21. Rxd6 Nxg3 22. Rhd1 Rf1 23. R6d2 Rxd1+ 24. Rxd1 Nf5 25. Bxf5+ exf5 26. Rf1 Qe5 27. Bf4 Qe6 28. Rd1 Nf7 29. Bd2 Nd6 30. Re1 Qf7 31. b3 Ne4 32. Re3 Nxd2 33. Kxd2 f4 34. Rd3 Qe7 35. b4 Qg5 36. h4 Qxg2+ 37. Kc1 f3 38. Rd2 f2 39. Nd1 f1=Q 40. Rxg2 Qxg2 41. Ne3 Qe2 42. h5 Qxe3+ 43. Kb1 Qe1+ 44. Kb2 Qc3+ 45. Ka2 Qxc2+ 46. Ka1 Qc1+ 47. Ka2 Rc2+ 48. Kb3 Qb1# 0-1

[Event "EYCC Open U10 2021"]
[Site "Tornelo"]
[Date "2021.10.15"]
[Round "9.9"]
[White "Ekmekcioglu, Gokdeniz"]
[Black "Karpenko, Anton"]
[Result "0-1"]
[ECO "E63"]
[WhiteElo "1463"]
[BlackElo "1634"]
[Annotator "NA"]
[PlyCount "66"]
[EventDate "2021.10.15"]
[EventType "swiss"]
[EventCountry "NET"]
[SourceTitle "playchess.com"]
[Source "ChessBase"]
[SourceQuality "1"]
[TimeControl "5400+30"]

1. d4 Nf6 2. c4 g6 3. Nf3 Bg7 4. g3 d6 5. Bg2 O-O 6. O-O Nc6 7. Nc3 a6 8. b3 Rb8 9. a4 Na5 10. Bb2 c5 11. d5 Ne4 12. Qc2 Bf5 13. Nxe4 Bxe4 14. Qxe4 Bxb2 15. Rab1 Bg7 16. Qd3 Qb6 17. Ne1 Qc7 18. Nc2 e6 19. e4 exd5 20. exd5 Rfe8 21. Rfe1 Rxe1+ 22. Rxe1 Qd7 23. Qe3 b5 24. axb5 axb5 25. Bf1 bxc4 26. bxc4 Qa4 27. Qa3 Qxc2 28. Qxa5 Bc3 29. Qc7 Bxe1 30. Qxb8+ Kg7 31. Bh3 Bxf2+ 32. Kg2 Bd4+ 33. Kf3 Qf2+ 0-1

[Event "EYCC Open U10 2021"]
[Site "Tornelo"]
[Date "2021.10.15"]
[Round "9.10"]
[White "Surikov, Alexey"]
[Black "Zecha, Oscar"]
[Result "0-1"]
[ECO "E04"]
[WhiteElo "1548"]
[BlackElo "1612"]
[Annotator "NA"]
[PlyCount "108"]
[EventDate "2021.10.15"]
[EventType "swiss"]
[EventCountry "NET"]
[SourceTitle "playchess.com"]
[Source "ChessBase"]
[SourceQuality "1"]
[TimeControl "5400+30"]

1. Nf3 Nf6 2. c4 e6 3. g3 d5 4. d4 dxc4 5. Bg2 Bb4+ 6. Bd2 a5 7. a3 Bxd2+ 8. Nbxd2 b5 9. a4 c6 10. O-O O-O 11. Qc2 Na6 12. b3 Nb4 13. Qc1 cxb3 14. Nxb3 bxa4 15. Rxa4 Ba6 16. Qb2 Bb5 17. Ra3 Nd7 18. Nxa5 Rxa5 19. Qxb4 Rxa3 20. Qxa3 Bxe2 21. Rc1 Bb5 22. Qc3 Nb6 23. Ne5 Nd5 24. Qc5 Ne7 25. g4 f6 26. Nxc6 Nxc6 27. Bxc6 Bxc6 28. Qxc6 Re8 29. Re1 Kf7 30. Qe4 g6 31. Ra1 Re7 32. Qe3 Kg7 33. g5 Qd5 34. gxf6+ Kxf6 35. f4 Rd7 36. Rd1 Rg7 37. Qe5+ Qxe5 38. fxe5+ Kf5 39. Kf2 Ke4 40. h4 Rd7 41. Re1+ Kf4 42. Rd1 Rd5 43. h5 gxh5 44. Rh1 Kg4 45. Ke3 h4 46. Rg1+ Kh5 47. Rg7 h6 48. Rg1 h3 49. Rd1 Kg4 50. Kf2 Ra5 51. Rd2 Ra1 52. Rd3 h2 53. Rg3+ Kh4 54. Rg6 Kh5 0-1

[Event "EYCC Open U10 2021"]
[Site "Tornelo"]
[Date "2021.10.15"]
[Round "9.11"]
[White "Tatvidze, Davit"]
[Black "Ahmad, Khagan"]
[Result "0-1"]
[ECO "D02"]
[WhiteElo "1341"]
[BlackElo "2009"]
[Annotator "ChessBase"]
[PlyCount "72"]
[EventDate "2021.10.15"]
[EventType "swiss"]
[EventCountry "NET"]
[SourceTitle "playchess.com"]
[Source "ChessBase"]
[SourceQuality "1"]
[TimeControl "5400+30"]

1. d4 Nf6 2. Bf4 e6 3. e3 c5 4. c3 Nc6 5. Nf3 d5 6. Nbd2 Bd6 7. Bg3 O-O 8. Bd3 Re8 9. Ne5 Bxe5 10. dxe5 Nd7 11. f4 f6 12. Qh5 f5 13. Bh4 Ne7 14. Nf3 Nf8 15. g4 fxg4 16. Ng5 g6 17. Qh6 c4 18. Bc2 Qd7 19. h3 Nf5 20. Bxf5 exf5 21. Bf2 Qg7 22. hxg4 fxg4 23. Qxg7+ Kxg7 24. Bh4 h6 25. O-O-O hxg5 26. Bxg5 Bf5 27. Bf6+ Kf7 28. Rh8 Nd7 29. Rh7+ Ke6 30. Bg5 Nc5 31. Rdh1 Nd3+ 32. Kd2 Nf2 33. R1h6 Ne4+ 34. Ke2 Nxg5 35. fxg5 Kxe5 36. Rxb7 Rh8 0-1

[Event "EYCC Open U10 2021"]
[Site "Tornelo"]
[Date "2021.10.15"]
[Round "9.12"]
[White "Golis, Wiktor"]
[Black "Batalov, Prokhor"]
[Result "1/2-1/2"]
[ECO "D35"]
[WhiteElo "1684"]
[BlackElo "1391"]
[Annotator "NA"]
[PlyCount "90"]
[EventDate "2021.10.15"]
[EventType "swiss"]
[EventCountry "NET"]
[SourceTitle "playchess.com"]
[Source "ChessBase"]
[SourceQuality "1"]
[TimeControl "5400+30"]

1. d4 d5 2. c4 e6 3. Nf3 c6 4. cxd5 exd5 5. Nc3 Nf6 6. Bg5 Be7 7. e3 Bf5 8. Qb3 Qb6 9. Qxb6 axb6 10. Kd2 Nbd7 11. Bd3 Bxd3 12. Kxd3 O-O 13. Ne5 Rfe8 14. Bxf6 Nxf6 15. h3 Bd6 16. f4 Bb4 17. a3 Bxc3 18. bxc3 Ne4 19. Rhb1 b5 20. a4 f6 21. Nd7 Re7 22. Nc5 b6 23. Nxe4 dxe4+ 24. Kc2 Rea7 25. c4 Ra5 26. d5 cxd5 27. Rxb5 dxc4 28. Rxa5 Rxa5 29. Kc3 Rc5 30. Rb1 Rc6 31. Rb4 f5 32. Rxc4 Rd6 33. Rd4 Rc6+ 34. Kb4 Rc2 35. g4 Re2 36. gxf5 Rxe3 37. Kc4 Kf7 38. Kd5 Rxh3 39. Kxe4 Rb3 40. Rc4 h5 41. Rc7+ Kg8 42. Rc8+ Kh7 43. Rc7 Kg8 44. Rc8+ Kh7 45. Rc7 Kg8 1/2-1/2